Map: Acropolis LE

Players

Djorn

  • Race: Protoss Protoss
  • Spawn Location: 11:00

A.I. 1 (Very Easy) - Winner!

  • Race: Zerg Zerg
  • Spawn Location: 5:00

VOD

Have the link to the VOD?

Description

Time

  • Played on: Aug. 22, 2019, 11:40 p.m.
  • Length: 2:27
Show
View Real Time Build Order
Export as new Build Order

Djorn Protoss 

Build Orders:  

Get SALT Encoding   

  12  0:02  Probe  
  13  0:14  Probe  
  13  0:20  Pylon  
  14  0:35  Probe  
  15  0:43  Gateway, Probe  
  16  0:51  Probe  
  16  0:56  Assimilator  
  17  1:03  Probe  
  17  1:09  Assimilator  
  18  1:15  Probe  
  19  1:27  Probe  
  20  1:39  Probe  
  21  1:51  Probe  
  22  2:02  Cybernetics Core  
  22  2:03  Probe  
  23  2:09  Pylon  
Show
View Real Time Build Order
Export as new Build Order

A.I. 1 (Very Easy) Zerg - Winner!

Build Orders: Pool Only 

Get SALT Encoding   

  12  0:00  Drone  
  13  0:12  Overlord  
  13  0:16  Drone  
  14  0:36  Spawning Pool  
  14  0:37  Extractor  
  14  0:39  Drone  
  13  0:46  Drone  
  14  0:51  Overlord  
  14  1:22  Queen  
  14  1:23  Zergling x2  
  17  1:30  Roach Warren  
  16  1:33  Drone  
  16  1:36  Extractor  
  16  1:41  Drone  
  17  1:51  Zergling x2  
  18  2:00  Drone  
  19  2:07  Drone  
Tags
 
Matchup
PvZ
Opening
Pool Only
Replay Pack
sc2replays
Spawn Locations
Cross Positions
Add a new tag
Caveats
  • Supply blocks, unpowered buildings, or Contaminate may cause inaccurate times.
  • Supply counts are checked every 10 seconds.